 Dungeon Crawl Stone Soup version 0.20-a0-427-g8b12978 (webtiles) character file.

195 Kriby the Magician (level 5, -3/35 HPs)
             Began as a Mummy Fire Elementalist on Jan 1, 2017.
             Slain by an iguana (7 damage)
             ... on level 4 of the Dungeon.
             The game lasted 00:07:15 (4163 turns).

Kriby the Magician (Mummy Fire Elementalist)        Turns: 4163, Time: 00:07:16

Health: -3/35      AC:  2    Str: 11    XL:     5   Next: 45%
Magic:  2/11       EV: 12    Int: 16    God:
Gold:   175        SH:  0    Dex: 12    Spells: 8/12 levels left

rFire  x . .     SeeInvis .     a - +2 dagger (venom)
rCold  + . .     Gourm    .     c - +0 robe
rNeg   + + +     Faith    .     (no shield)
rPois  ∞         Spirit   .     (no helmet)
rElec  .         Reflect  .     (no cloak)
rCorr  .         Harm     .     (no gloves)
MR     .....                    (no boots)
Stlth  ++........               (no amulet)
                                (no ring)
                                (no ring)

@: very slightly contaminated
A: no food or potions, fire vulnerability, cold resistance 1, negative energy
resistance 3, torment resistance, unbreathing
a: no special abilities


You were on level 4 of the Dungeon.
You were not hungry.

You visited 2 branches of the dungeon, and saw 5 of its levels.

You collected 175 gold pieces.

Inventory:

Hand Weapons
 a - a +2 dagger of venom (weapon)
Armour
 c - a +0 robe (worn)
Scrolls
 d - 2 scrolls of identify
 e - 3 scrolls of recharging
 f - a scroll of noise
 g - 4 scrolls of remove curse
 h - a scroll of random uselessness {unknown}
 i - 3 scrolls of teleportation {unknown}
 j - a scroll of fear {unknown}
 k - a scroll of enchant armour {unknown}
Books
 b - a book of Flames

   Spells                             Type                      Level
   a - Flame Tongue                   Conjuration/Fire             1
   b - Throw Flame                    Conjuration/Fire             2
   c - Conjure Flame                  Conjuration/Fire             3
   d - Inner Flame                    Hexes/Fire                   3
   e - Sticky Flame                   Conjuration/Fire             4
   f - Fireball                       Conjuration/Fire             5


   Skills:
 - Level 1.5 Dodging
 - Level 1.5 Stealth
 * Level 4.2 Spellcasting
 + Level 3.2 Conjurations
 + Level 3.2 Fire Magic


You had 8 spell levels left.
You knew the following spells:

 Your Spells              Type           Power        Failure   Level  Hunger
a - Flame Tongue          Conj/Fire      ##...        6%          1    N/A
b - Conjure Flame         Conj/Fire      ##......     14%         3    N/A

Dungeon Overview and Level Annotations

Branches:
Dungeon (4/15)             Temple (1/1) D:4

Altars:
Ashenzari
Dithmenos
Elyvilon
Fedhas
Hepliaklqana
Kikubaaqudgha
Nemelex Xobeh
Qazlal
Trog
Uskayaw
Xom
The Shining One


Innate Abilities, Weirdness & Mutations

You do not eat or drink.
Your flesh is vulnerable to fire.
You are immune to poison.
Your flesh is cold resistant. (rC+)
You are immune to negative energy. (rN+++)
You are immune to unholy pain and torment.
You can survive without breathing.


Message History

Aim: an iguana (severely wounded)
The flame tongue hits the iguana.
The iguana is almost dead.
The iguana bites you!
Casting: Flame Tongue
Confirm with . or Enter, or press ? or * to list all spells.
Aiming: Flame Tongue
Press: ? - help, Shift-Dir - straight line, f/p - iguana
Aim: an iguana (almost dead)
The flame tongue hits the iguana.
The iguana is almost dead.
The iguana bites you!
* * * LOW HITPOINT WARNING * * *
Casting: Flame Tongue
Confirm with . or Enter, or press ? or * to list all spells.
Aiming: Flame Tongue
Press: ? - help, Shift-Dir - straight line, f/p - iguana
Aim: an iguana (almost dead)
You miscast Flame Tongue.
You feel uncomfortably hot. The iguana bites you!
You die...

)...# ....# ..##### >...#
....... #....# .......
#....# ........
#...............### #####
#........##.....?.# ......
#........##.....l.##.......
.........##.....@.>........
#.######.####..............
#..!.# #.............
#..<.# #.............
#....# ####....(.## #....#
###......#####. #....##
#.%............ #.....#
#.............. ###...#
#........####..


You could see an iguana.

Vanquished Creatures
  A worker ant (D:4)
  4 gnolls
  4 adders
  An ooze (D:1)
  3 worms
  A dart slug (D:1)
  3 leopard geckos
  7 orcs (D:3)
  10 bats
  4 giant cockroaches (D:2)
  5 goblins
  5 hobgoblins
  4 jackals
  9 kobolds
  A quokka (D:4)
  3 ball pythons
  5 frilled lizards
  6 rats
76 creatures vanquished.

Notes
Turn   | Place    | Note
-------+----------+-------------------------------------------
     0 | D:1      | Kriby the Mummy Fire Elementalist began the quest for the Orb.
     0 | D:1      | Reached XP level 1. HP: 13/13 MP: 4/4
    40 | D:1      | Reached skill level 3 in Spellcasting
    40 | D:1      | Reached skill level 1 in Conjurations
   386 | D:1      | Reached XP level 2. HP: 19/19 MP: 4/6
  1179 | D:2      | Reached XP level 3. HP: 24/24 MP: 5/7
  1535 | D:1      | Learned a level 3 spell: Conjure Flame
  2025 | D:2      | Reached XP level 4. HP: 30/30 MP: 2/9
  3494 | D:4      | Reached skill level 4 in Spellcasting
  3494 | D:4      | Reached XP level 5. HP: 34/35 MP: 3/11
  3942 | D:4      | Found a staircase to the Ecumenical Temple.
  3958 | Temple   | Entered the Ecumenical Temple
  4163 | D:4      | Slain by an iguana

Vault maps used:
D:1:      dpeg_arrival_windows_large_door
D:3:      minmay_joined_circles
D:4:      zin_angel, nicolae_ru_great_annihilating_truth, first_bread,
          minmay_misc_feat_nine_boxes
Temple:   minmay_temple_bridge_abc

Skill      XL: |  1  2  3  4  5 |
---------------+----------------+-----
Spellcasting   | 3 4 |  4.2
Conjurations   | 1 2 3 |  3.2
Fire Magic     | 3 |  3.2
Dodging        | |  1.5
Stealth        | |  1.5

Action                   |  1- 3 |  4- 6 || total
-------------------------+-------+-------++-------
Melee: Unarmed           |    17 |       ||    17
       Dagger            |     6 |       ||     6
 Cast: Flame Tongue      |    71 |   104 ||   175
       Conjure Flame     |     1 |     1 ||     2
  Use: Scroll            |       |     3 ||     3
Armor: Robe              |    11 |    11 ||    22
Dodge: Dodged            |    27 |    32 ||    59
